 Dungeon Crawl Stone Soup version 0.29.1-15-g9cfb28693d (webtiles) character file.

Game seed: 13503943135580724607

693 Calibrex the Ruffian (level 7, -2/70 HPs)
             Began as a Troll Fighter on Mar 28, 2023.
             Killed from afar by a white imp (12 damage)
             ... with a puff of frost
             ... on level 6 of the Dungeon.
             The game lasted 00:21:24 (3247 turns).

Calibrex the Ruffian (Troll Fighter)                Turns: 3247, Time: 00:21:24

Health: -2/70      AC:  4    Str: 25    XL:     7   Next: 37%
Magic:  6/6        EV:  9    Int:  6    God:
Gold:   178        SH:  9    Dex: 15    Spells: 6/6 levels left

rFire   . . .      SeeInvis .     - Unarmed
rCold   . . .      Faith    .   b - +0 kite shield
rNeg    . . .      Spirit   .   r - +0 robe
rPois   .          Reflect  .   (helmet restricted)
rElec   .          Harm     .   (no cloak)
rCorr   .          Rampage  .   (gloves unavailable)
Will    .....                   (boots unavailable)
Stlth   +.........              o - amulet of magic regeneration
HPRegen 1.01/turn               x - +6 ring of dexterity
MPRegen 0.50/turn               (no ring)

@: mighty, weak-willed, marked, studying Shields
A: large, unfitting armour, claws 3, regeneration 1, shaggy fur 1, tough skin 1
a: no special abilities


You were on level 6 of the Dungeon.
You visited 1 branch of the dungeon, and saw 6 of its levels.

You collected 242 gold pieces.
You spent 64 gold pieces at shops.

Inventory:

Missiles
 f - 7 boomerangs (quivered)
 q - 4 silver javelins
 u - 16 poisoned darts
Armour
 b - a +0 kite shield (worn)
 r - a +0 robe (worn)
Jewellery
 o - an amulet of magic regeneration (around neck)
 x - a +6 ring of dexterity (left claw)
Wands
 y - a wand of quicksilver (8)
Scrolls
 g - a scroll of vulnerability
 i - a scroll of immolation
 l - a scroll of magic mapping {unknown}
 v - 2 scrolls of teleportation {unknown}
Potions
 d - a potion of mutation {unknown}
 e - 2 potions of flight
 h - a potion of curing
 m - 5 potions of brilliance
 p - a potion of resistance {unknown}
 t - 3 potions of lignification
 w - a potion of attraction {unknown}


   Skills:
 + Level 4.1 Fighting
 - Level 2.4 Dodging
 + Level 5.6 Shields
 * Level 6.0 Unarmed Combat


You had 6 spell levels left.
You didn't know any spells.
Your spell library contained the following spells:

 Spells                   Type           Power      Damage    Failure   Level
 Magic Dart               Conj           0%         1d3       71%         1
 Shock                    Conj/Air       0%         1d3       71%         1
 Call Imp                 Summ           0%         N/A       85%         2
 Ensorcelled Hibernation  Hex/Ice        0%         N/A       85%         2
 Mephitic Cloud           Conj/Pois/Air  0%         N/A       97%         3
 Spider Form              Tmut/Pois      0%         N/A       97%         3
 Swiftness                Air            0%         N/A       97%         3
 Airstrike                Air            0%         2d(0-16)  100%        4
 Anguish                  Hex/Necr       0%         N/A       100%        4
 Summon Ice Beast         Ice/Summ       0%         N/A       100%        4
 Summon Mana Viper        Hex/Summ       0%         N/A       100%        5
 Monstrous Menagerie      Summ           0%         N/A       100%        7


Dungeon Overview and Level Annotations

Branches:
Dungeon (6/15)
 Temple: D:4-7

Altars:
Elyvilon
Kikubaaqudgha
Vehumet
Xom

Shops:
D:4 *?*([

Annotations:
D:6 Edmund, Pikel


Innate Abilities, Weirdness & Mutations

You are too large for most types of armour.
You have claws for hands.
Your natural rate of healing is unusually fast.
You are covered in fur. (AC +1)
You have tough skin. (AC +1)


Message History

You hear a loud clanging noise!
It was a scroll of noise.
You block the ice beast's attack.
The kobold throws a poisoned dart.
The poisoned dart barely misses you.
The poisoned dart hits the orc!
The orc is poisoned.
The orc closely misses you.
The orc wizard gestures wildly while chanting.
The orc wizard flickers and vanishes!
Deactivating autopickup; reactivate with Ctrl-A.
A lemure comes into view. x2
The white imp hits you.
* * * LOW HITPOINT WARNING * * *
The white imp freezes you.
* * * LOW HITPOINT WARNING * * *
You feel much better.
Pikel looks more healthy.
You block the ice beast's attack. The orc hits you with a +0 club.
The white imp gestures at you. The puff of frost hits you!
* * * LOW HITPOINT WARNING * * *
Something hits you.
* * * LOW HITPOINT WARNING * * *
Edmund the Younger comes into view.
He is wielding a +1 dire flail of protection.
Okay, then.
As you read the scroll labelled ENWIUMIOBE, it crumbles to dust.
You hear the tinkle of a tiny bell.
It was a scroll of butterflies.
The hound closely misses your butterfly.
A lemure comes into view.
The ice beast hits you but does no damage.
The hound bites your butterfly.
Your butterfly dies!
Your butterfly disappears in a burst of colours!
The orc hits your butterfly with a +0 dagger.
Your butterfly dies!
Your butterfly disappears in a burst of colours!
The orc hits you with a +0 club.
* * * LOW HITPOINT WARNING * * *
Something hits you.
* * * LOW HITPOINT WARNING * * *
The white imp gestures at you. The puff of frost hits you!
You die...

.. #.......# ... ...
#.......## .... #.###
#........# ...# ...#
##.<.....!. . ...###.##
#..........
..##..#...###°.........
#.....bbbb.............
.....bb.bbh.○○.........
#.o@5○°K..○§......#
#....o{Ybb○°.°........#
#.#..bo#bb........#....
###.##....K°...###.>.
.@. ##..○K....# .. ....
.....°.5.... Y###
.####5K○.##. ##5○..


You could see Edmund, Pikel (weak-willed), an ice beast (weak-willed, ally
target), a kobold brigand (inner flame), 3 lemures, a hound (very poisoned,
weak-willed, ally target), a white imp (weak-willed, ally target), 3 orcs and 2
kobolds.

Vanquished Creatures
  A black bear (D:6)
  A phantom (D:4)
  A necrophage (D:4)
  A scorpion (D:5)
  A jelly (D:5)
  3 orc priests (D:5)
  2 hounds (D:5)
  2 iguanas (D:5)
  An orc wizard (D:5)
  8 adders
  3 worms
  9 orcs
  3 endoplasms
  3 giant cockroaches
  5 goblins
  7 hobgoblins
  13 jackals
  3 kobolds
  3 quokkas
  4 ball pythons
  5 bats
  2 frilled lizards
81 creatures vanquished.

Vanquished Creatures (others)
  A plant (D:3)
1 creature vanquished.

Grand Total: 82 creatures vanquished

Notes
Turn   | Place    | Note
-------+----------+-------------------------------------------
     0 | D:1      | Calibrex the Troll Fighter began the quest for the Orb.
     0 | D:1      | Reached XP level 1. HP: 22/22 MP: 0/0
   165 | D:1      | Found a faded altar of an unknown god.
   305 | D:1      | Reached XP level 2. HP: 29/29 MP: 1/1
   880 | D:2      | Reached XP level 3. HP: 36/36 MP: 2/2
   950 | D:2      | You fall into a shaft and drop 1 floor!
  1008 | D:2      | Reached skill level 3 in Unarmed Combat
  1561 | D:3      | Found a white marble altar of Elyvilon.
  1889 | D:3      | Reached XP level 4. HP: 41/44 MP: 3/3
  2134 | D:4      | Found Kuhogava's Assorted Antiques.
  2142 | D:4      | Bought a clear potion for 19 gold pieces
  2142 | D:4      | Bought a sedimented blue potion for 19 gold pieces
  2153 | D:4      | Noticed a phantom
  2170 | D:4      | Killed a phantom
  2171 | D:4      | Reached skill level 4 in Unarmed Combat
  2171 | D:4      | Reached XP level 5. HP: 30/53 MP: 4/4
  2278 | D:4      | Found a shimmering altar of Xom.
  2331 | D:4      | Found Tuasaruxt's Assorted Antiques.
  2396 | D:4      | Found an ancient bone altar of Kikubaaqudgha.
  2413 | D:4      | Found a radiant altar of Vehumet.
  2418 | D:4      | Found Sucurphe's Weapon Shoppe.
  2423 | D:4      | Found Onimidi's Antique Armour Shop.
  2515 | D:4      | Found Ufra's Magic Scroll Emporium.
  2692 | D:5      | Entered Level 5 of the Dungeon
  2730 | D:5      | Reached XP level 6. HP: 49/61 MP: 5/5
  2742 | D:4      | Bought a scroll of identify for 26 gold pieces
  2799 | D:5      | Reached skill level 5 in Unarmed Combat
  2804 | D:5      | Reached skill level 5 in Shields
  2953 | D:5      | Reached XP level 7. HP: 64/68 MP: 6/6
  3241 | D:6      | Noticed Pikel
  3244 | D:6      | Reached skill level 6 in Unarmed Combat
  3245 | D:6      | HP: 1/70 [white imp (5)]
  3246 | D:6      | Noticed Edmund
  3247 | D:6      | Killed from afar by a white imp

Illustrated notes

Levels and vault maps discovered:
D:1:      elethiomel_arrival_maze, layout_basic,
          dilly_ecumenical_altar_fadedgnrine, minmay_stone_trees_large,
          hangedman_decor_clover_reticule, due_unseen_surprise
D:2:      layout_basic
D:3:      layout_loops_cross, old_standard_altar, serial_bayou,
          serial_bayou_ford_a, serial_bayou_shore_a, serial_bayou_lake_a,
          serial_bayou_pond_d, minmay_stone_trees_small
D:4:      layout_rooms, mainiacjoe_overflow_chevrons,
          mainiacjoe_overflow_large_starburst, serial_shops,
          nicolae_take_the_stairs, nicolae_diamond_shop,
          nicolae_shop_hallway_stairs, nicolae_shop_trees, shop,
          hangedman_decor_push
D:5:      layout_cave_pools
D:6:      layout_cave_pools, temple_statues, serial_bayou_crossing, uniq_edmund,
          uniq_pikel

Skill      XL: |  1  2  3  4  5  6  7 |
---------------+----------------------+-----
Shields        | 3 4 5 |  5.6
Unarmed Combat | 3 4 5 6 |  6.0
Fighting       | 3 4 |  4.1
Dodging        | |  2.4

Action                   |  1- 3 |  4- 6 |  7- 9 || total
-------------------------+-------+-------+-------++-------
Melee: Unarmed           |   104 |   105 |    18 ||   227
Throw: Boomerang         |     1 |       |       ||     1
  Use: Scroll            |       |     8 |     6 ||    14
       Potion            |       |     1 |     3 ||     4
 Stab: Sleeping          |     1 |       |       ||     1
Armor: Robe              |    29 |    34 |     8 ||    71
Dodge: Dodged            |    41 |    27 |    11 ||    79
Block: Kite shield       |    29 |    44 |    10 ||    83
